Map: [ESL] Tropical Sacrifice

Players

Scarlett

  • Race: Zerg Zerg
  • Spawn Location: 7:00

Neeb - Winner!

  • Race: Protoss Protoss
  • Spawn Location: 1:00

Event: DreamHack SC2 Masters 2022 Atlanta (Online)

VOD

Have the link to the VOD?

Description

Time

  • Played on: Oct. 12, 2022, 3:37 p.m.
  • Length: 14:04

All games in this series

Show
View Real Time Build Order
Export as new Build Order

Scarlett Zerg 

Build Orders: Hatch First, Lurkers 

Get SALT Encoding   

  12  0:00  Drone  
  13  0:13  Overlord  
  13  0:17  Drone  
  14  0:31  Drone x2  
  16  0:46  Drone  
  16  0:47  Drone  
  18  0:56  Hatchery  
  17  0:59  Drone  
  17  1:01  Extractor  
  17  1:16  Spawning Pool  
  16  1:20  Drone  
  16  1:22  Drone  
  18  1:30  Drone  
  19  1:39  Drone  
  20  1:51  Overlord  
  20  2:03  Queen  
  20  2:06  Metabolic Boost  
  20  2:08  Zergling x2  
  23  2:09  Queen  
  23  2:12  Drone  
  26  2:17  Drone  
  26  2:19  Drone  
  28  2:24  Drone  
  30  2:30  Drone  
  30  2:33  Drone  
  31  2:42  Hatchery  
  30  2:45  Drone  
  30  2:48  Drone  
  32  2:53  Queen  
  34  2:58  Overlord  
  34  3:01  Drone  
  34  3:03  Drone  
  36  3:16  Queen  
  36  3:17  Drone x4  
  36  3:19  Drone  
  43  3:20  Drone  
  43  3:23  Overlord  
  44  3:27  Overlord  
  44  3:41  Queen, Overlord  
  44  3:43  Drone x3  
  44  3:45  Drone  
  44  3:48  Drone x3  
  53  3:51  Zergling x2  
  53  3:55  Zergling x6  
  57  4:00  Roach Warren  
  56  4:06  Queen  
  57  4:11  Zergling x4  
  59  4:19  Drone x8  
  59  4:23  Spore Crawler  
  66  4:25  Spore Crawler  
  66  4:26  Zergling x2  
  67  4:31  Zergling x4  
  67  4:34  Lair  
  67  4:38  Spore Crawler, Drone x3  
  63  4:53  Drone x7  
  66  5:03  Drone  
  66  5:04  Drone x7  
  73  5:13  Extractor  
  73  5:14  Extractor, Evolution Chamber  
  68  5:15  Drone  
  68  5:16  Drone x2  
  68  5:25  Drone  
  68  5:26  Drone x2  
  71  5:28  Extractor  
  71  5:29  Drone x3  
  71  5:30  Overlord  
  71  5:31  Hatchery  
  72  5:35  Glial Reconstitution  
  72  5:40  Overlord  
  72  5:44  Zerg Melee Weapons Level 1  
  72  5:47  Overlord x2  
  72  5:54  Drone x3  
  72  5:55  Drone  
  76  5:58  Drone x6  
  82  6:04  Drone  
  82  6:05  Hydralisk Den, Infestation Pit, Drone  
  82  6:07  Overseer  
  82  6:10  Hatchery  
  81  6:12  Drone, Extractor  
  81  6:15  Drone x3  
  81  6:16  Extractor  
  83  6:19  Drone x3  
  83  6:21  Zergling x4  
  83  6:23  Roach  
  83  6:24  Overseer  
  90  6:27  Roach x2  
  90  6:32  Roach x2  
  98  6:33  Zergling x4  
  98  6:39  Roach  
  102  6:44  Zergling x2  
  102  6:45  Zergling x10  
  102  6:47  Hive  
  108  6:50  Drone  
  108  6:51  Lurker Den  
  108  6:53  Spore Crawler  
  107  7:05  Drone  
  107  7:06  Drone  
  107  7:07  Drone x3, Overlord x2  
  107  7:08  Evolution Chamber  
  111  7:09  Overlord x3  
  110  7:16  Overlord x3  
  110  7:21  Overlord  
  110  7:24  Roach x3  
  116  7:34  Drone x13  
  116  7:36  Extractor  
  128  7:38  Extractor  
  128  7:39  Zerg Melee Weapons Level 2  
  128  7:40  Zerg Missile Weapons Level 1  
  128  7:41  Hydralisk  
  128  7:42  Hydralisk  
  131  7:50  Overseer, Pneumatized Carapace  
  131  7:51  Hydralisk  
  131  7:52  Hydralisk x3  
  139  8:00  Seismic Spines  
  139  8:08  Drone x6  
  143  8:18  Hydralisk x4  
  151  8:22  Lurker x2  
  151  8:24  Overlord x2  
  153  8:28  Overlord x2  
  153  8:30  Overseer  
  153  8:38  Hydralisk x9  
  153  8:40  Zergling x4  
  171  8:49  Lurker x3  
  171  8:52  Extractor x2  
  171  8:53  Drone x4, Spine Crawler  
  171  8:54  Drone x3  
  171  8:55  Spore Crawler  
  177  8:59  Lurker x2, Spine Crawler  
  177  9:09  Adrenal Glands  
  176  9:11  Zergling x2  
  176  9:12  Zergling x28  
  185  9:18  Adaptive Talons  
  185  9:23  Spore Crawler  
  180  9:25  Spore Crawler  
  180  9:26  Lurker x2  
  181  9:32  Lurker x2  
  181  9:38  Lurker  
  184  9:48  Lurker x3  
  184  9:55  Hydralisk x7  
  158  10:14  Roach x11  
  158  10:15  Roach x4  
  158  10:21  Lurker x3  
  178  10:25  Drone x10  
  182  10:31  Lurker x2  
  182  10:34  Drone x6  
  186  10:37  Overseer  
  180  10:44  Lurker x2  
  180  10:48  Extractor  
  174  10:51  Spore Crawler  
  174  10:52  Spine Crawler  
  174  10:53  Lurker x2  
  174  10:56  Drone x12  
  182  11:00  Spine Crawler  
  181  11:08  Zerg Missile Weapons Level 2  
  181  11:09  Zerg Ground Armor Level 1  
  181  11:15  Overlord x2  
  181  11:23  Grooved Spines  
  181  11:25  Drone x3  
  184  11:29  Hydralisk x4  
  184  11:30  Zergling x18  
  198  11:45  Hatchery  
  197  11:47  Extractor  
  197  11:49  Extractor  
  197  11:51  Spire  
  197  11:54  Hydralisk x12  
  175  12:01  Hydralisk x2  
  161  12:09  Hydralisk  
  161  12:10  Hydralisk x4  
  158  12:17  Hydralisk x3  
  158  12:19  Hydralisk x2  
  168  12:23  Hydralisk  
  168  12:24  Spore Crawler, Hydralisk  
  168  12:25  Spore Crawler  
  168  12:26  Hydralisk  
  172  12:32  Hydralisk x2  
  172  12:35  Muscular Augments  
  170  12:42  Zergling x10  
  162  12:46  Extractor  
  159  12:51  Spire  
  159  12:55  Lurker  
  159  12:56  Spore Crawler, Lurker x2  
  159  12:58  Spore Crawler  
  157  13:02  Drone x5  
  157  13:04  Spine Crawler  
  161  13:06  Spine Crawler  
  161  13:12  Zergling x2  
  161  13:13  Zergling x16  
  165  13:26  Drone x2  
  164  13:27  Corruptor x6  
  174  13:39  Hydralisk x5  
  164  13:42  Zergling x18  
Show
View Real Time Build Order
Export as new Build Order

Neeb Protoss - Winner!

Build Orders: 1 Gate Expand, Double Forge, Oracle Opening, Carriers, Zealot Archon 

Get SALT Encoding   

  12  0:00  Probe  
  13  0:12  Probe  
  14  0:20  Pylon  
  14  0:24  Probe  
  15  0:38  Probe (Chrono Boost)  
  15  0:41  Gateway  
  16  0:47  Probe (Chrono Boost)  
  17  0:51  Assimilator  
  17  0:53  Probe  
  18  1:05  Probe  
  19  1:17  Probe  
  20  1:28  Nexus  
  21  1:37  Cybernetics Core  
  20  1:42  Probe  
  21  1:49  Assimilator  
  21  1:54  Probe  
  21  1:57  Pylon  
  22  2:06  Probe (Chrono Boost)  
  23  2:14  Stalker  
  23  2:15  Warp Gate  
  26  2:16  Probe (Chrono Boost)  
  26  2:21  Probe (Chrono Boost)  
  27  2:33  Probe (Chrono Boost)  
  28  2:39  Stargate  
  28  2:41  Probe (Chrono Boost)  
  28  2:42  Probe (Chrono Boost)  
  30  2:45  Adept  
  30  2:49  Probe (Chrono Boost)  
  30  2:51  Probe (Chrono Boost)  
  34  2:54  Probe (Chrono Boost)  
  35  2:59  Probe  
  35  3:05  Pylon  
  36  3:06  Probe  
  36  3:11  Probe  
  38  3:15  Adept  
  38  3:19  Probe  
  41  3:20  Oracle (Chrono Boost)  
  41  3:23  Probe  
  41  3:25  Gateway  
  45  3:31  Probe  
  46  3:35  Probe  
  47  3:43  Probe  
  47  3:47  Oracle (Chrono Boost), Probe  
  49  3:49  Pylon  
  49  3:55  Probe  
  53  4:00  Nexus, Probe  
  54  4:05  Assimilator  
  54  4:07  Probe (Chrono Boost), Assimilator  
  55  4:12  Shield Battery  
  55  4:16  Probe (Chrono Boost)  
  56  4:19  Probe (Chrono Boost)  
  57  4:28  Probe (Chrono Boost)  
  57  4:29  Probe (Chrono Boost)  
  59  4:32  Sentry, Pylon  
  59  4:33  Probe  
  59  4:36  Forge  
  59  4:37  Forge  
  62  4:50  Probe x2  
  64  5:02  Probe x2  
  64  5:04  Stalker x2  
  68  5:12  Probe (Chrono Boost)  
  67  5:15  Probe (Chrono Boost)  
  67  5:16  Protoss Ground Weapons Level 1, Protoss Ground Armor Level 1  
  67  5:18  Probe (Chrono Boost)  
  67  5:19  Twilight Council  
  69  5:24  Probe (Chrono Boost)  
  69  5:25  Pylon  
  69  5:26  Probe (Chrono Boost)  
  72  5:29  Pylon  
  72  5:30  Probe x2 (Chrono Boost)  
  72  5:31  Probe (Chrono Boost)  
  72  5:35  Gateway  
  74  5:36  Gateway  
  74  5:38  Probe x2  
  74  5:41  Probe  
  77  5:50  Nexus, Blink (Chrono Boost)  
  77  5:51  Pylon  
  77  5:53  Probe  
  78  6:00  Probe  
  78  6:01  Templar Archives  
  78  6:04  Gateway  
  79  6:05  Gateway  
  79  6:07  Gateway  
  79  6:10  Gateway  
  79  6:14  Gateway  
  79  6:16  Probe x2  
  79  6:17  Probe  
  82  6:21  Assimilator  
  82  6:22  Assimilator  
  82  6:26  Photon Cannon  
  82  6:28  Shield Battery, Probe  
  82  6:32  Probe  
  85  6:34  Stalker x2  
  85  6:36  Stalker  
  91  6:40  Probe  
  91  6:48  Probe x2  
  93  6:54  Robotics Facility, Pylon  
  93  6:57  Pylon  
  93  6:59  High Templar x4  
  93  7:00  Stalker x2  
  105  7:02  Probe x2  
  105  7:03  Archon x2  
  105  7:04  Stalker x2  
  111  7:12  Photon Cannon  
  111  7:13  Probe  
  111  7:14  Probe x2  
  114  7:16  Probe  
  114  7:20  Pylon  
  114  7:21  Protoss Ground Armor Level 2 (Chrono Boost), Psionic Storm  
  115  7:25  Probe  
  115  7:26  Probe  
  115  7:28  Probe  
  118  7:30  Probe  
  118  7:34  Charge, Assimilator  
  118  7:36  Assimilator  
  119  7:38  Warp Prism (Chrono Boost), Probe x2  
  119  7:40  Probe  
  119  7:42  Probe, Protoss Ground Weapons Level 2 (Chrono Boost)  
  125  7:53  Gateway x2  
  125  7:54  High Templar  
  127  7:59  High Templar  
  129  8:05  Pylon x2  
  129  8:06  Pylon  
  129  8:07  Observer  
  130  8:12  High Templar  
  130  8:15  High Templar  
  130  8:19  Pylon  
  134  8:21  Pylon  
  134  8:22  Pylon  
  134  8:25  Pylon  
  134  8:28  High Templar  
  134  8:29  High Templar  
  134  8:31  Zealot x5  
  148  8:35  Gateway  
  148  8:36  Nexus, Gateway  
  148  8:37  Pylon  
  147  8:53  High Templar x3  
  147  8:55  Zealot x2  
  157  8:56  Zealot x2  
  157  8:57  High Templar  
  163  9:07  Archon  
  163  9:08  Archon  
  163  9:09  Probe  
  160  9:21  Zealot  
  160  9:22  Zealot x5, Photon Cannon  
  172  9:29  Assimilator  
  172  9:30  Fleet Beacon, Assimilator, Pylon  
  172  9:32  Stargate  
  172  9:34  Stargate  
  172  9:36  Zealot x2  
  172  9:37  Zealot x2, Observer  
  181  9:39  Protoss Air Weapons Level 1 (Chrono Boost)  
  177  9:50  Zealot x6  
  180  10:00  Probe  
  180  10:01  Zealot x2  
  176  10:11  Probe  
  173  10:19  Carrier x3 (Chrono Boost)  
  157  10:28  Protoss Shields Level 1 (Chrono Boost), Stalker x8  
  175  10:45  Probe x4  
  179  10:52  Nexus  
  179  10:57  High Templar x4  
  179  11:01  Pylon  
  179  11:03  Probe x3  
  190  11:05  Stalker x2  
  192  11:24  Nexus  
  192  11:26  Pylon  
  192  11:34  Zealot x4  
  200  11:40  Protoss Air Weapons Level 2 (Chrono Boost)  
  200  11:41  Pylon  
  180  11:54  Archon  
  180  11:58  Carrier x3 (Chrono Boost)  
  160  12:02  Zealot x3, High Templar  
  160  12:18  Zealot x4  
  160  12:19  Zealot  
  168  12:23  High Templar x3  
  167  12:58  High Templar x4  
  173  12:59  Zealot x6  
  173  13:01  Probe x3  
  173  13:02  Archon x2  
  173  13:05  Photon Cannon  
  184  13:06  Photon Cannon  
  184  13:10  Observer  
  170  13:48  High Templar  
  170  13:49  Zealot x4, High Templar x5  
  170  13:50  Probe  
  170  13:51  Probe  
  182  13:56  Archon x2  
  182  13:57  Archon  
Tags
 
Add a new tag
Caveats
  • Supply blocks, unpowered buildings, or Contaminate may cause inaccurate times.
  • Supply counts are checked every 10 seconds.